 Dungeon Crawl Stone Soup version 0.22-a0-407-gb098539405 (webtiles) character file.

1297 D1HalberdGnoll the Charlatan (level 8, -5/60 HPs)
             Began as a Gnoll Artificer on May 9, 2018.
             Slain by an orc warrior
             ... wielding a +0 scimitar
              (15 damage)
             ... on level 6 of the Dungeon.
             The game lasted 00:08:32 (7486 turns).

D1HalberdGnoll the Charlatan (Gnoll Artificer)      Turns: 7486, Time: 00:08:33

Health: -5/60      AC:  9    Str: 20    XL:     8   Next: 56%
Magic:  13/13      EV: 13    Int: 18    God:
Gold:   120        SH:  0    Dex: 17    Spells: 11/13 levels left

rFire    . . .     SeeInvis .   y - +4 dire flail (venom)
rCold    . . .     Gourm    +   (shield currently unavailable)
rNeg     . . .     Faith    .   o - +0 scale mail
rPois    .         Spirit   .   u - +0 helmet
rElec    .         Reflect  .   s - +0 cloak
rCorr    .         Harm     .   (no gloves)
MR       .....                  (no boots)
Stlth    +.........             g - amulet of the gourmand
HPRegen  0.20/turn              b - +4 ring of intelligence
MPRegen  0.13/turn              (no ring)

@: mighty, very slightly contaminated, invisible
A: distributed training, fangs 1, strong nose
a: no special abilities


You were on level 6 of the Dungeon.
You were very full.

You visited 1 branch of the dungeon, and saw 6 of its levels.

You collected 245 gold pieces.
You spent 125 gold pieces at shops.

Inventory:

Hand Weapons
 y - a +4 dire flail of venom (weapon)
Missiles
 w - a throwing net (quivered)
Armour
 o - a +0 scale mail (worn)
 s - a +0 cloak (worn)
 u - a +0 helmet (worn)
Jewellery
 b - a +4 ring of intelligence (left hand)
 g - an amulet of the gourmand (around neck)
Wands
 a - a wand of digging (11)
 c - a wand of flame (31)
 d - a wand of enslavement (14)
 e - a wand of random effects (5)
 h - a wand of iceblast (10)
 p - a wand of disintegration (9)
Scrolls
 m - 3 scrolls of identify
 q - a scroll of immolation
 r - 7 scrolls of remove curse
 v - a scroll of teleportation
Potions
 j - a potion of might
Comestibles
 f - 9 rations


   Skills:
 + Level 4.2 Fighting
 + Level 4.2 Short Blades
 + Level 3.3 Long Blades
 + Level 3.3 Axes
 + Level 3.3 Maces & Flails
 + Level 3.3 Polearms
 + Level 3.3 Staves
 + Level 3.3 Slings
 + Level 3.3 Bows
 + Level 3.3 Crossbows
 + Level 3.3 Throwing
 + Level 3.3 Armour
 + Level 5.7 Dodging
 + Level 4.1 Stealth
 + Level 3.3 Shields
 + Level 3.3 Unarmed Combat
 + Level 3.3 Spellcasting
 + Level 2.7 Conjurations
 + Level 2.7 Hexes
 + Level 2.7 Charms
 + Level 2.7 Summonings
 + Level 2.7 Necromancy
 + Level 2.7 Translocations
 + Level 2.7 Transmutations
 + Level 2.7 Fire Magic
 + Level 2.7 Ice Magic
 + Level 2.7 Air Magic
 + Level 2.7 Earth Magic
 + Level 2.7 Poison Magic
 + Level 3.6 Invocations
 + Level 7.4 Evocations


You had 11 spell levels left.
You knew the following spells:

 Your Spells              Type           Power        Failure   Level  Hunger
a - Passwall              Tmut/Erth      ##........   22%         2    ##.....


Dungeon Overview and Level Annotations

Branches:
Dungeon (6/15)
 Temple: D:4-7

Altars:
Elyvilon
Gozag
Kikubaaqudgha
The Shining One

Shops:
D:5 **


Innate Abilities, Weirdness & Mutations

Your experience applies equally to all skills.
You have very sharp teeth.
Your uncanny sense of smell can sniff out nearby items.


Message History

Found a ration and a diamond ring.
You see here a ration.
f - 9 rations (gained 1)
The orc warrior hits you with a scimitar.
* * * LOW HITPOINT WARNING * * *
The orc warrior looks more healthy.
You found an alarm trap!
The orc warrior misses you.
You closely miss the orc warrior.
You bite the orc warrior, but do no damage.
The orc warrior is heavily wounded.
The orc warrior barely misses you.
You barely miss the orc warrior.
The orc warrior is heavily wounded.
You catch the helpless orc warrior completely off-guard!
You thump the orc warrior!
The orc warrior is poisoned.
Your bite misses the orc warrior.
The orc warrior is severely wounded.
The orc warrior hits you with a scimitar!
You die...

. #...#.# .##
#...#.# ..#
#...#.# #.#
###.#.# #.#
#.#.# #.#
##.#.# #.#
#..#.# ∆ #^###
#.##.# #.@o#
#.##.# ###o#
#....# #.#
#.#### #o# #.#
#.# #.#
###########.#
#.#
#....o.o....#
#.#
##.###########
#.# #...o..#
#.#


You could see an orc warrior, an orc priest and an orc.

Vanquished Creatures
  Edmund (D:5)
  A black bear (D:6)
  A necrophage (D:6)
  2 ogres (D:5)
  A scorpion (D:6)
  3 crimson imps
  3 bullfrog zombies
  2 hounds (D:5)
  An orc priest (D:5)
  Crazy Yiuf (D:2)
  A centaur skeleton (D:6)
  A bullfrog skeleton (D:5)
  Terence (D:2)
  An orc wizard (D:6)
  2 worker ants
  Robin (D:2)
  11 adders
  4 gnolls (D:5)
  3 oozes
  2 adder zombies
  An adder skeleton (D:5)
  4 worms
  17 orcs
  A ball python (D:6)
  4 giant cockroaches
  16 goblins
  12 hobgoblins
  14 jackals
  5 kobolds
  8 quokkas
  7 bats
  7 frilled lizards
  A jackal skeleton (D:5)
  3 rats
143 creatures vanquished.

Notes
Turn   | Place    | Note
-------+----------+-------------------------------------------
     0 | D:1      | D1HalberdGnoll the Gnoll Artificer began the quest for the Orb.
     0 | D:1      | Reached XP level 1. HP: 17/17 MP: 4/4
   507 | D:1      | Reached XP level 2. HP: 23/23 MP: 6/6
  1069 | D:1      | Reached XP level 3. HP: 28/28 MP: 7/7
  1351 | D:2      | Found a runed door.
  1535 | D:2      | Reached skill level 1 in Invocations
  1825 | D:2      | Reached skill level 1 in Long Blades
  1825 | D:2      | Reached skill level 1 in Axes
  1825 | D:2      | Reached skill level 1 in Maces & Flails
  1825 | D:2      | Reached skill level 1 in Polearms
  1825 | D:2      | Reached skill level 1 in Staves
  1825 | D:2      | Reached skill level 1 in Slings
  1825 | D:2      | Reached skill level 1 in Bows
  1825 | D:2      | Reached skill level 1 in Crossbows
  1825 | D:2      | Reached skill level 1 in Throwing
  1825 | D:2      | Reached skill level 1 in Armour
  1825 | D:2      | Reached skill level 1 in Shields
  1825 | D:2      | Reached skill level 1 in Unarmed Combat
  1825 | D:2      | Reached skill level 1 in Spellcasting
  1841 | D:2      | Reached XP level 4. HP: 19/34 MP: 8/8
  2101 | D:2      | Noticed Terence
  2151 | D:2      | Killed Terence
  2511 | D:2      | Reached skill level 1 in Conjurations
  2511 | D:2      | Reached skill level 1 in Hexes
  2511 | D:2      | Reached skill level 1 in Charms
  2511 | D:2      | Reached skill level 1 in Summonings
  2511 | D:2      | Reached skill level 1 in Necromancy
  2511 | D:2      | Reached skill level 1 in Translocations
  2511 | D:2      | Reached skill level 1 in Transmutations
  2511 | D:2      | Reached skill level 1 in Fire Magic
  2511 | D:2      | Reached skill level 1 in Ice Magic
  2511 | D:2      | Reached skill level 1 in Air Magic
  2511 | D:2      | Reached skill level 1 in Earth Magic
  2511 | D:2      | Reached skill level 1 in Poison Magic
  3059 | D:2      | Reached XP level 5. HP: 32/40 MP: 9/9
  3222 | D:2      | Noticed Robin
  3232 | D:2      | Killed Robin
  3445 | D:2      | Noticed Crazy Yiuf
  3765 | D:2      | Killed Crazy Yiuf
  4058 | D:3      | Found a white marble altar of Elyvilon.
  4132 | D:3      | Found an ancient bone altar of Kikubaaqudgha.
  4663 | D:4      | Reached XP level 6. HP: 47/47 MP: 11/11
  5055 | D:4      | Found a glowing golden altar of the Shining One.
  5296 | D:5      | Entered Level 5 of the Dungeon
  5344 | D:5      | Found an opulent altar of Gozag.
  5346 | D:5      | Found Gozag's Platinum Reserve.
  5605 | D:5      | Reached skill level 5 in Dodging
  5719 | D:5      | Learned a level 2 spell: Passwall
  5771 | D:5      | Reached XP level 7. HP: 26/52 MP: 12/12
  5940 | D:5      | Noticed Edmund
  5957 | D:5      | Killed Edmund
  5957 | D:5      | Reached skill level 7 in Evocations
  6188 | D:5      | Found Fenugy's Assorted Antiques.
  6600 | D:5      | Reached XP level 8. HP: 28/60 MP: 13/13
  7092 | D:5      | Bought a cabochon ring for 125 gold pieces
  7486 | D:6      | Slain by an orc warrior

Vault maps used:
D:1:      scummos_arrival_star
D:2:      serial_glass, glass_columns_a, glass_columns_c, dk_noncrumbling_3,
          uniq_crazy_yiuf_cottage, uniq_terence, uniq_robin
D:3:      lemuel_doored_altar, first_ration, elyvilon_altar_3
D:4:      tso_altar
D:5:      serial_shops, shop, serial_glass, glass_columns_a, glass_columns_a,
          glass_columns_a, glass_columns_a, glass_columns_b, glass_columns_b,
          glass_columns_c, glass_columns_c, glass_columns_b, glass_columns_b,
          minivault_11, nicolae_gozag_zags_fifth_avenue, uniq_edmund
D:6:      temple_statues, basic_altar, serial_glass, glass_columns_c,
          glass_columns_b, glass_columns_a, glass_columns_a, glass_columns_a,
          glass_columns_b, glass_columns_b, glass_columns_b,
          minmay_ruined_shrine

Skill      XL: |  1  2  3  4  5  6  7  8 |
---------------+-------------------------+-----
Invocations    | 1 2 3 |  3.6
Long Blades    | 1 2 3 |  3.3
Axes           | 1 2 3 |  3.3
Maces & Flails | 1 2 3 |  3.3
Polearms       | 1 2 3 |  3.3
Staves         | 1 2 3 |  3.3
Slings         | 1 2 3 |  3.3
Bows           | 1 2 3 |  3.3
Crossbows      | 1 2 3 |  3.3
Throwing       | 1 2 3 |  3.3
Armour         | 1 2 3 |  3.3
Shields        | 1 2 3 |  3.3
Unarmed Combat | 1 2 3 |  3.3
Spellcasting   | 1 2 3 |  3.3
Conjurations   | 1 2 |  2.7
Hexes          | 1 2 |  2.7
Charms         | 1 2 |  2.7
Summonings     | 1 2 |  2.7
Necromancy     | 1 2 |  2.7
Translocations | 1 2 |  2.7
Transmutations | 1 2 |  2.7
Fire Magic     | 1 2 |  2.7
Ice Magic      | 1 2 |  2.7
Air Magic      | 1 2 |  2.7
Earth Magic    | 1 2 |  2.7
Poison Magic   | 1 2 |  2.7
Fighting       | 3 4 |  4.2
Short Blades   | 3 4 |  4.2
Stealth        | 3 4 |  4.1
Dodging        | 5 |  5.7
Evocations     | 7 |  7.4

Action                   |  1- 3 |  4- 6 |  7- 9 || total
-------------------------+-------+-------+-------++-------
Melee: Short sword       |   104 |    29 |       ||   133
       Bite              |     9 |    20 |    18 ||    47
       Mace              |       |   110 |       ||   110
       Punch             |       |     3 |       ||     3
       Quarterstaff      |       |    85 |    20 ||   105
       Dire flail        |       |       |   138 ||   138
Evoke: Wand              |     5 |    16 |     1 ||    22
  Use: Potion            |       |     1 |     8 ||     9
       Scroll            |       |       |    11 ||    11
 Stab: Sleeping          |     4 |       |       ||     4
       Paralysed         |       |     2 |       ||     2
       Distracted        |       |     1 |       ||     1
       Invisible         |       |       |     1 ||     1
  Eat: Chunk             |     1 |    18 |     7 ||    26
       Ration            |       |     1 |       ||     1
Armor: Leather armour    |    31 |     5 |       ||    36
       Scale mail        |       |    78 |    71 ||   149
Dodge: Dodged            |    78 |   173 |   104 ||   355

Table legend:
 A = Spawn XP
 B = Non-spawn XP
 C = Spawn XP percentage of total XP
 D = Spawn monster count
 E = Non-spawn monster count
 F = Spawn count percentage of total count
 G = Total turns spent on level
                    A         B        C        D         E        F      G
               +---------+---------+-------+---------+---------+-------+---------
         Total |       0 |    1854 |   0.0 |       0 |     143 |   0.0 |  7486
               +---------+---------+-------+---------+---------+-------+---------
           D:1 |       0 |      34 |   0.0 |       0 |      20 |   0.0 |  1270
           D:2 |       0 |     217 |   0.0 |       0 |      39 |   0.0 |  2681
           D:3 |       0 |      41 |   0.0 |       0 |      16 |   0.0 |   406
           D:4 |       0 |      61 |   0.0 |       0 |       6 |   0.0 |   939
           D:5 |       0 |     853 |   0.0 |       0 |      34 |   0.0 |  1815
           D:6 |       0 |     648 |   0.0 |       0 |      28 |   0.0 |   375
               +---------+---------+-------+---------+---------+-------+---------
